 Dungeon Crawl Stone Soup version 0.30.1-11-g7821555f0a (webtiles) character file.

Game seed: 1567032268703687148

59 Nonny the Trooper (level 4, 0/35 HPs)
             Began as a Djinni Cinder Acolyte on Nov 17, 2023.
             Was a High Priest of Ignis.
             Frozen to death by an endoplasm (6 damage)
             ... on level 1 of the Dungeon.
             The game lasted 00:08:54 (1055 turns).

Nonny the Trooper (Djinni Cinder Acolyte)           Turns: 1055, Time: 00:08:55

Health: 0/35       AC:  3    Str: 13    XL:     4   Next: 22%
Gold:   29         EV: 11    Int: 16    God:    Ignis [*****.] SH:  0 Dex: 10

rFire   + + +        a - -1 falchion (flame)
rCold   x . .        (no shield)
rNeg    . . .        b - +1 robe
rPois   ∞            (no helmet)
rElec   .            (no cloak)
rCorr   .            (no gloves)
SInv    .            (boots unavailable)
Will    .....        (no amulet)
Stlth   +            (no ring)
HPRegen 0.25/turn    (no ring)
MPRegen 0.00/turn

%: infuse magic (-1 HP)
@: flying
A: sickness immunity, fire resistance 2, cold vulnerability 1, float, innate
caster, HP casting, extra vitality 1
a: Renounce Religion, Fiery Armour, Foxfire Swarm, Rising Flame


You were on level 1 of the Dungeon.
You worshipped Ignis.
Ignis was extremely pleased with you.
You visited 1 branch of the dungeon, and saw 2 of its levels.

You collected 29 gold pieces.

Inventory:

Hand Weapons
 a - a -1 falchion of flaming (weapon)
Armour
 b - a +1 robe (worn)
Scrolls
 h - a scroll of identify {unknown}
Potions
 c - a potion of invisibility {unknown}
 d - a potion of curing {unknown}
 f - 3 potions of heal wounds {unknown}
 i - a potion of lignification {unknown}


   Skills:
 - Level 3.2 Fighting
 - Level 3.2 Long Blades
 + Level 1.2 Dodging
 + Level 3.1 Spellcasting


You knew the following spells:

 Your Spells              Type           Power      Damage    Failure   Level
a - Scorch                Fire           24%        2d6       8%          2
b - Freeze                Ice            48%        1d6       5%          1
Your spell library was empty.

Dungeon Overview and Level Annotations

Branches:
Dungeon (2/15)

Altars:

Annotations:
D:1 Natasha


Innate Abilities, Weirdness & Mutations

You are immune to sickness and miasma.
You are immune to poison.
Your flesh is very heat resistant. (rF++)
You are vulnerable to cold. (rC-)
You float through the air rather than walking.
You learn spells naturally, not from books.
Your magical power is your life essence.
You have superior vitality. (+4 MHP)


Message History

Level annotation: Natasha
There is a stone staircase leading up here.
Unknown command.
Unknown command.
Casting: Scorch (safe; 8% risk of failure)
Confirm with . or Enter, or press ? or * to list all spells.
You miscast Scorch.
You are very lightly contaminated with residual magic.
Nothing appears to happen.
Natasha claws you.
Unknown command.
Natasha barely misses you. The endoplasm closely misses you.
You fly upwards.
There is a stone staircase leading down here.
Natasha casts a spell at you. The magic dart hits you.
The endoplasm attacks as you move away! The endoplasm hits you.
Natasha casts a spell at you. The magic dart hits you!
Your magical contamination has completely faded away.
Casting: Scorch (safe; 8% risk of failure)
Confirm with . or Enter, or press ? or * to list all spells.
Flames lash the endoplasm.
The endoplasm is severely wounded.
The endoplasm's fire resistance burns away.
The endoplasm freezes you.
You are frozen.
You feel a terrible chill!
* * * LOW HITPOINT WARNING * * *
Natasha casts a spell.
As you read the scroll labelled ZEDYIHA KIDASH, it crumbles to dust.
It is a scroll of enchant armour.
Your +0 robe glows green for a moment.
The endoplasm hits you.
* * * LOW HITPOINT WARNING * * *
Natasha howls an incantation.
Natasha shimmers violently.
As you read the scroll labelled XEID BYEBIERGH, it crumbles to dust.
It is a scroll of amnesia.
You feel forgetful for a moment.
Natasha mumbles some strange words.
The endoplasm freezes you.
You are frozen.
You feel a terrible chill!
You die...

.# .# .#####
.....# .###.# .#
#.# #########
.###.# #.......#
...#.# #.#####.#
...#.#####.#####@#
..............##J#
.)##.#####.##.##h#
.....# #.##.##5#
.##### #.....>5#
.# ####.#### '##
#.# ..## #.# ...##
####.#####


You could see Natasha (empowered), 2 cerulean imps and an endoplasm
(combustible).

Vanquished Creatures
  2 gnolls (D:1)
  2 dart slugs (D:1)
  5 endoplasms
  A giant cockroach (D:1)
  6 goblins (D:1)
  3 hobgoblins (D:1)
  3 jackals (D:1)
  A kobold (D:2)
  4 ball pythons
  2 bats
  2 frilled lizards (D:1)
  2 rats (D:1)
33 creatures vanquished.

Notes
Turn   | Place    | Note
-------+----------+-------------------------------------------
     0 | D:1      | Nonny the Djinni Cinder Acolyte began the quest for the
                  | Orb.
     0 | D:1      | Nonny set off with the following spells memorised: Scorch.
     0 | D:1      | Reached XP level 1. HP: 20/20 MP: 0/0
   127 | D:1      | You are sucked into a shaft and drop 1 floor!
   186 | D:2      | Reached XP level 2. HP: 16/25 MP: 0/0
   191 | D:2      | Noticed Natasha
   415 | D:1      | Reached XP level 3. HP: 28/30 MP: 0/0
   415 | D:1      | Learned a level 1 spell: Freeze
   499 | D:1      | There was a book of Flames in this southwestern quadrant.
   679 | D:1      | Starting vault: glass gardens.
   722 | D:1      | Reached skill level 1 in Dodging
   742 | D:1      | Reached XP level 4. HP: 22/35 MP: 0/0
   952 | D:1      | Book of the Hunter in southeastern quadrant.
  1055 | D:1      | Frozen to death by an endoplasm

Illustrated notes ....# ##.## ###.# #.# .. # #.# #.# .. ###.## ##'## ### .. .....# ##...## #. ... ..# #. ###..# ##.....## #.##.# #.# #. .....###.......## #.#..# #.# #. ...#.##.........###....###.#####. ......'.........@..............). ...#.##........)###....###.#####. .....###.......## #......#.# ## .##### ##..^..## #........# # .# ##...## ######.### # .# ##'###### #.# # .# #.#....# #.# # .##########.#.##.# #.# # .........##.#.##.# #.# # Turn 499 on D:1: There was a book of Flames in this southwestern quadrant. ...## P.PPP#...#PPP.PP ....## PP..P#...#P.PPP .....# PP♣P.#...#PPP♣P♣ .....# ♣PPPP#...#.P.PP♣ .....# ♣P.♣♣#...#♣P♣P♣P ....## PP♣♣P♣#...#P.P.P. )..## ♣PPPP.#...#♣P.... ..## .PP♣P♣#.<(#P♣ P♣P '## PP.♣P♣#.@.#♣PP.♣ .# PP.P♣♣#...#♣♣PPP .# P.PPP.#...#..P♣P .## PPPP♣.#...#PPP♣ ..#### P♣.PPP#...#PP.PP .[...# .PPP♣P#...#P♣P.P ..#### PPPPPP#...#.PPPP )## # # #...######### .# ##........... Turn 679 on D:1: Starting vault: glass gardens.

.....#.##.###.....#.#####.####
.# .......##.#
#................# .#
.....####.# #...)##.#####.##.#
.# .....# #.# #.......#
#.##.##.# .....####.#
###.##### #.....>.#
..........# #.# ####.####
.....###### ##'## #.# ##.###
##...## #.# #.#### ##...@.##
####.#### #.##.## ##.......##
#........
##.#...####.........#
#...#.###.
.)........'.).......+........#
#.
##.....####.........###....#.#
#. ##.#.##
##†......###..#.##.# #. #.###
##>....## ..### #.# #. #.#
##...## #. ##.###. #.# ##+##
#......


Turn 952 on D:1: Book of the Hunter in southeastern quadrant.

Levels and vault maps discovered:
D:1:      minmay_arrival_arboretum_large, layout_loops_corners,
          minmay_shallow_snake_nest
D:2:      layout_rooms, chequers_ecumenical_altar_simple, uniq_natasha

Skill      XL: |  1  2  3 |
---------------+----------+-----
Long Blades    | 3 |  3.2
Dodging        | 1 |  1.2
Spellcasting   | 3 |  3.1
Fighting       | |  3.2

Action                     |  1- 3 |  4- 6 || total
---------------------------+-------+-------++-------
  Melee: Falchion          |    49 |     8 ||    57
         Punch             |     1 |     1 ||     2
         Unarmed           |     1 |       ||     1
   Cast: Scorch            |    20 |     9 ||    29
         Freeze            |     2 |       ||     2
    Use: Scroll            |       |     2 ||     2
 Armour: Robe              |    16 |     1 ||    17
  Dodge: Dodged            |    28 |     6 ||    34
